 Dungeon Crawl Stone Soup version 0.18.1-48-g4cf74bf (webtiles) character file.

242 MistressOfTheDunes the Insei (level 5, -4/41 HPs)
             Began as a Mummy Monk on July 20, 2016.
             Slain by a big kobold
             ... wielding a +0 club
              (5 damage)
             ... on level 1 of the Dungeon.
             The game lasted 00:08:05 (6332 turns).

MistressOfTheDunes the Insei (Mummy Monk)           Turns: 6332, Time: 00:08:06

Health: -4/41      AC:  2    Str: 14    XL:     5   Next: 81%
Magic:  5/5        EV: 14    Int:  9    God:
Gold:   171        SH:  0    Dex: 16    Spells: 0 memorised, 4 levels left

rFire  x . .     SeeInvis .       - Unarmed
rCold  + . .     Gourm    .     (no armour)
rNeg   + + +     Faith    .     (no shield)
rPois  ∞         Spirit   .     (no helmet)
rElec  .         Dismiss  .     f - +0 cloak
rCorr  .         Reflect  .     e - +0 pair of gloves (curse)
SustAt .         Harm     .     (no boots)
MR     .....                    (no amulet)
Stlth  ++........               (no ring)
                                (no ring)

@: not resistant to hostile enchantments, unstealthy
A: no food or potions, fire vulnerability, cold resistance 1, negative energy
resistance 3, torment resistance, unbreathing
a: no special abilities


You were on level 1 of the Dungeon.
You were not hungry.

You visited 1 branch of the dungeon, and saw 4 of its levels.

You collected 217 gold pieces.
You spent 46 gold pieces at shops.


Innate Abilities, Weirdness & Mutations

You do not eat or drink.
Your flesh is vulnerable to fire.
You are immune to poison.
Your flesh is cold resistant.
You are immune to negative energy.
You are immune to unholy pain and torment.
You can survive without breathing.


   Skills:
 - Level 3.0 Fighting
 + Level 4.0 Dodging
 - Level 1.5 Stealth
 - Level 5.0 Unarmed Combat


You had 4 spell levels left.
You didn't know any spells.

Inventory:

Armour
 e - a cursed +0 pair of gloves (worn)
 f - a +0 cloak (worn)
Jewellery
 h - an uncursed amulet of the gourmand {unknown}
Scrolls
 a - a scroll of enchant armour {unknown}
 b - a scroll of magic mapping
 c - a scroll of teleportation {@r4}
 d - a scroll of noise {!r}
 g - a scroll of amnesia
 i - a scroll of blinking
 j - a scroll of random uselessness {unknown}

Dungeon Overview and Level Annotations

Branches:
Dungeon (4/15)
 Temple: D:4-7

Altars:
Ashenzari
Okawaru
Sif Muna
Trog
Yredelemnul

Shops:
D:4 *

Annotations:
D:2 big
D:3 big

▒▒▒▒▒.......▒▒▒...▒▒ ▒..▒
▒▒.................▒ ▒..▒
▒▒.▒▒.......▒▒▒....▒▒▒▒▒..▒
▒▒.▒▒▒.....▒▒ ▒▒.▒.▒......▒
▒▒.▒.......▒▒▒▒▒.....▒▒▒.▒▒
▒▒.▒.▒...▒...........▒ ▒.▒
▒▒.▒...▒▒▒▒▒▒▒▒▒..K.▒▒ ▒.▒
▒▒.▒▒.▒▒ ▒.▒.▒▒ ▒.▒ ...▒▒.▒
▒M▒.▒▒▒▒▒.▒ ▒▒▒▒▒▒ ▒▒.▒▒.▒
▒.K.......▒▒▒..... ▒.▒▒.▒
▒..........▒▒.▒▒▒▒ ▒.▒▒.▒
▒.▒▒▒▒▒▒▒▒.▒▒.▒ ▒.▒▒.▒ ▒.▒ ▒.▒▒.▒
▒.▒▒.▒ ▒.▒ ▒.▒▒.▒
▒.▒▒.▒▒▒▒▒▒▒▒▒▒.▒▒▒ ▒.▒▒.▒ ▒
▒▒.▒▒.▒.....▒%▒....▒▒ ▒▒▒.▒▒.▒▒▒▒
.............▒......▒▒▒...▒▒.....


You could see a big kobold.


Message History

You closely miss the big kobold!
The big kobold is almost dead!
You beat the big kobold but do no damage!
The big kobold is almost dead!
The big kobold hits you with a club! * * * don't die
* * * You pummel the big kobold like a punching bag!
The big kobold is almost dead!
The big kobold hits you with a club! * * * don't die
* * * You closely miss the big kobold!
The big kobold is almost dead!
The big kobold misses you!
You closely miss the big kobold!
The big kobold is almost dead!
The big kobold hits you with a club! * * * don't die
* * * You pummel the big kobold but do no damage!
The big kobold is almost dead!
The big kobold hits you with a club! * * * don't die
* * * You closely miss the big kobold!
The big kobold is almost dead!
You squash the big kobold but do no damage!
The big kobold is almost dead!
The big kobold closely misses you!
You beat the big kobold but do no damage!
The big kobold is almost dead!
The big kobold hits you with a club! rip

Action                   |  1- 3 |  4- 6 || total
-------------------------+-------+-------++-------
Melee: Unarmed           |    88 |   291 ||   379
       Punch             |     2 |     3 ||     5
  Use: Scroll            |       |     5 ||     5
 Stab: Sleeping          |     6 |     4 ||    10
Armor: Skin              |     7 |    30 ||    37
Dodge: Dodged            |    58 |   164 ||   222

Vault maps used:
D:1:      eino_arrival_cavern_b, kennysheep_decorative_pillar,
          grunt_decor_fettered
D:2:      first_bread
D:3:      minmay_goblin_kobold_castle, nicolae_overflow_hidden_temple,
          lemuel_round_altar, grunt_temple_overflow_open, marbit_many_paths,
          minmay_misc_feat_more_columns
D:4:      forest_paths, serial_shops, nicolae_shop_statue_plus, uniq_eustachio

Notes
Turn   | Place    | Note
--------------------------------------------------------------
     0 | D:1      | MistressOfTheDunes the Mummy Monk began the quest for the Orb.
     0 | D:1      | Reached XP level 1. HP: 18/18 MP: 1/1
   616 | D:1      | Reached XP level 2. HP: 20/24 MP: 2/2
  1244 | D:2      | Reached skill level 4 in Unarmed Combat
  1388 | D:2      | Reached XP level 3. HP: 29/29 MP: 3/3
  2380 | D:3      | Found a shattered altar of Ashenzari.
  2393 | D:3      | Found a basalt altar of Yredelemnul.
  2541 | D:3      | Reached XP level 4. HP: 35/35 MP: 4/4
  3253 | D:3      | Noticed a big kobold
  3253 | D:3      | Noticed a big kobold
  3539 | D:3      | Found an iron altar of Okawaru.
  3636 | D:3      | Reached skill level 5 in Unarmed Combat
  3640 | D:3      | Found a deep blue altar of Sif Muna.
  3734 | D:3      | Found a bloodstained altar of Trog.
  4575 | D:4      | Reached skill level 3 in Dodging
  4575 | D:4      | Reached XP level 5. HP: 30/41 MP: 5/5
  4758 | D:4      | Found Isuanun's Assorted Antiques.
  4766 | D:4      | Bought a scroll labeled ARPHAS VUUTREA for 23 gold pieces
  4766 | D:4      | Bought a scroll labeled INOMIMUPRO for 23 gold pieces
  5958 | D:2      | Reached skill level 4 in Dodging
  6329 | D:1      | HP: 1/41 [big kobold/club (5)]
  6332 | D:1      | Slain by a big kobold

Vanquished Creatures
  A big kobold (D:3)
  A giant frog skeleton (D:4)
  5 adders
  3 oozes (D:3)
  2 worms (D:3)
  A dart slug (D:1)
  2 giant geckos
  2 orcs
  4 bats
  3 giant cockroaches
  5 goblins
  8 hobgoblins (D:2)
  2 jackals (D:3)
  3 quokkas
  3 ball pythons
  2 giant newts (D:3)
  27 kobolds
  A rat (D:3)
75 creatures vanquished.
